 Dungeon Crawl Stone Soup version 0.19.0-2-gae57169 (webtiles) character file.

396 Monkfish the Cutter (level 7, -3/44 HPs)
             Began as a Kobold Berserker on Nov 4, 2016.
             Was a Priest of Trog.
             Slain by Eustachio
             ... wielding a +0 rapier
              (10 damage)
             ... on level 4 of the Dungeon.
             The game lasted 00:04:40 (4429 turns).

Monkfish the Cutter (Kobold Berserker)              Turns: 4429, Time: 00:04:41

Health: -3/44      AC:  2    Str: 15    XL:     7   Next: 9%
Magic:  7/7        EV: 17    Int:  8    God:    Trog [***...]
Gold:   159        SH:  0    Dex: 18    Spells: 0 memorised, 6 levels left

rFire  . . .     SeeInvis .     l - +0 rapier
rCold  . . .     Gourm    .     b - +0 animal skin
rNeg   . . .     Faith    .     (shield restricted)
rPois  .         Spirit   .     (no helmet)
rElec  .         Reflect  .     (no cloak)
rCorr  .         Harm     .     (no gloves)
MR     .....                    (no boots)
Stlth  ++++......               (no amulet)
                                h - ring of stealth
                                g - +2 ring of dexterity

@: exhausted, slowed, very slow
A: carnivore 3
a: Berserk, Trog's Hand, Burn Spellbooks, Renounce Religion


You were on level 4 of the Dungeon.
You worshipped Trog.
Trog was most pleased with you.
You were very full.

You visited 1 branch of the dungeon, and saw 4 of its levels.

You collected 159 gold pieces.

Inventory:

Hand Weapons
 l - a +0 rapier (weapon)
Armour
 b - a +0 animal skin (worn)
Jewellery
 g - a +2 ring of dexterity (left hand)
 h - a ring of stealth (right hand)
Wands
 i - a wand of polymorph (16/24)
 o - a wand of lightning (8/15)
Scrolls
 d - a scroll of identify
 k - a scroll of remove curse
Potions
 e - 2 potions of heal wounds
 m - 2 potions of agility
 n - a potion of curing {unknown}
Comestibles
 a - a royal jelly
 c - 3 meat rations
 f - a slice of pizza
 j - a beef jerky


   Skills:
 + Level 4.3 Fighting
 + Level 6.7 Short Blades
 - Level 1.5 Armour
 + Level 3.8 Dodging
 * Level 5.3 Stealth


You had 6 spell levels left.
You didn't know any spells.

Dungeon Overview and Level Annotations

Branches:
Dungeon (4/15)
 Temple: D:4-7

Altars:
Ashenzari
Kikubaaqudgha
Xom
The Shining One

Annotations:
D:4 Eustachio, Grinder


Innate Abilities, Weirdness & Mutations

You are small and have problems with some larger weapons.
You are carnivorous and can eat meat at any time.


Message History

Grinder closely misses you.
You barely miss Grinder.
Grinder is heavily wounded.
You are no longer berserk.
You are exhausted.
You feel yourself slow down. Eustachio barely misses you.
You closely miss Grinder.
Grinder is heavily wounded.
Grinder misses you. Eustachio hits you with a rapier! Grinder misses you.
You hit Grinder but do no damage.
Grinder is heavily wounded.
Eustachio barely misses you. Grinder hits you!
You writhe in agony.
You hit Grinder but do no damage.
Grinder is heavily wounded.
Grinder hits you!
* * * LOW HITPOINT WARNING * * *
You writhe in agony.
* * * LOW HITPOINT WARNING * * *
Eustachio hits you with a rapier!
You die...

#######......# #......
#.#######......# #.#####
#..............####.#####
#########......##........
#..........##........
#..........##........
#..........##........
#...5.#########'#####
#...@...# #.......
#####@..# #....... #...#
#....... #...# #....(..
#...# #....... ...#
#....... ...# #)......
...# #....... #.......


You could see Eustachio and Grinder.

Vanquished Creatures
  A water moccasin skeleton (D:4)
  A crimson imp (D:3)
  Natasha (twice) (D:3)
  2 worker ants (D:4)
  A hound skeleton (D:4)
  4 adders
  7 gnolls (D:4)
  An ooze (D:2)
  3 worms
  3 dart slugs
  5 leopard geckos
  3 orcs
  A ball python (D:4)
  3 giant cockroaches
  7 goblins
  8 hobgoblins
  5 jackals (D:1)
  3 quokkas
  8 bats
  3 frilled lizards
  7 kobolds
  5 rats
83 creatures vanquished.

Vanquished Creatures (others)
  2 leopard geckos (D:4)
  A ball python (D:4)
  A giant cockroach (D:4)
4 creatures vanquished.

Grand Total: 87 creatures vanquished

Notes
Turn   | Place    | Note
-------+----------+-------------------------------------------
     0 | D:1      | Monkfish the Kobold Berserker began the quest for the Orb.
     0 | D:1      | Reached XP level 1. HP: 14/14 MP: 1/1
   137 | D:1      | Reached skill level 1 in Stealth
   137 | D:1      | Reached XP level 2. HP: 15/19 MP: 2/2
   422 | D:1      | Reached XP level 3. HP: 19/23 MP: 3/3
  1048 | D:1      | Reached ** piety under Trog
  1566 | D:2      | Reached XP level 4. HP: 23/29 MP: 4/4
  2802 | D:3      | Reached skill level 5 in Short Blades
  2854 | D:3      | Reached XP level 5. HP: 4/33 MP: 5/5
  3141 | D:3      | Found a glowing golden altar of the Shining One.
  3194 | D:3      | Noticed Natasha
  3201 | D:3      | Killed Natasha
  3385 | D:3      | Reached *** piety under Trog
  3459 | D:3      | Found a faded altar of an unknown god.
  3459 | D:3      | Found a shattered altar of Ashenzari.
  3464 | D:3      | Found a faded altar of an unknown god.
  3466 | D:3      | Found a faded altar of an unknown god.
  3467 | D:3      | Found a faded altar of an unknown god.
  3617 | D:3      | Noticed Natasha
  3637 | D:3      | Killed Natasha
  3637 | D:3      | Reached skill level 6 in Short Blades
  3637 | D:3      | Reached XP level 6. HP: 38/38 MP: 6/6
  3967 | D:4      | Found an ancient bone altar of Kikubaaqudgha.
  3982 | D:4      | Found a shimmering altar of Xom.
  4162 | D:4      | Reached skill level 5 in Stealth
  4313 | D:4      | Reached XP level 7. HP: 33/44 MP: 7/7
  4406 | D:4      | Noticed Eustachio
  4410 | D:4      | Noticed Grinder
  4417 | D:4      | Paralysed by Grinder for 5 turns
  4429 | D:4      | Slain by Eustachio

Skill      XL: |  1  2  3  4  5  6 |
---------------+-------------------+-----
Stealth        | 1 2 3 5 |  5.3
Dodging        | 3 |  3.8
Short Blades   | 5 6 |  6.7
Fighting       | 4 |  4.3
Armour         | |  1.5

Action                   |  1- 3 |  4- 6 |  7- 9 || total
-------------------------+-------+-------+-------++-------
Melee: Short sword       |   112 |    50 |       ||   162
       Rapier            |       |   133 |     8 ||   141
Invok: Berserk           |       |     4 |     1 ||     5
  Use: Potion            |     3 |     3 |       ||     6
       Scroll            |     2 |     7 |       ||     9
 Stab: Sleeping          |     3 |    10 |       ||    13
  Eat: Chunk             |     9 |    14 |       ||    23
Armor: Animal skin       |     9 |    13 |       ||    22
Dodge: Dodged            |    87 |   113 |     8 ||   208
